 Dungeon Crawl Stone Soup version 0.25-a0-479-g8579842fd4 (webtiles) character file.

Game seed: 15953437730742075849, levelgen mode: deterministic

439 Notrik the Fighter (level 7, 0/70 HPs)
             Began as a Hill Orc Fighter on Feb 9, 2020.
             Was an Initiate of Ru.
             Succumbed to a worker ant's poison
             ... on level 6 of the Dungeon.
             The game lasted 00:06:36 (3611 turns).

Notrik the Fighter (Hill Orc Fighter)               Turns: 3611, Time: 00:06:37

Health: 0/70       AC:  6    Str: 21    XL:     7   Next: 1%
Magic:  7/7        EV:  8    Int:  8    God:    Ru [......]
Gold:   206        SH: 10    Dex: 10    Spells: 6/6 levels left

rFire    . . .     SeeInvis .   a - +0 war axe
rCold    + . .     Gourm    .   c - +1 shield
rNeg     . . .     Faith    .   t - +1 ring mail {rC+}
rPois    .         Spirit   .   (no helmet)
rElec    .         Reflect  .   (no cloak)
rCorr    .         Harm     .   (no gloves)
MR       .....                  (no boots)
Stlth    ..........             (no amulet)
HPRegen  0.21/turn              (no ring)
MPRegen  0.10/turn              (no ring)

@: lethally poisoned (0 -> -1)
A: no striking features
a: Renounce Religion


You were on level 6 of the Dungeon.
You worshipped Ru.
Ru was noncommittal.
You were not hungry.

You visited 1 branch of the dungeon, and saw 6 of its levels.

You collected 206 gold pieces.

Inventory:

Hand Weapons
 a - a +0 war axe (weapon)
Missiles
 r - 3 throwing nets (quivered) {!f}
Armour
 c - a +1 shield (worn)
 q - a +0 plate armour
   (You found it on level 2 of the Dungeon)
 t - a +1 ring mail of cold resistance (worn)
   (You found it on level 2 of the Dungeon)
Jewellery
 y - an uncursed ring of protection from cold {unknown}
   (You found it on level 4 of the Dungeon)
Scrolls
 f - 2 scrolls of magic mapping
 g - 2 scrolls of random uselessness
 h - 2 scrolls of teleportation {@r4}
 i - 2 scrolls of remove curse {@r2}
 j - a scroll of immolation {!r}
 n - 2 scrolls of enchant armour
 p - a scroll of fog {unknown}
 u - 2 scrolls of identify {unknown}
 w - a scroll of fear {unknown}
 x - a scroll of enchant weapon {unknown}
 A - a scroll of amnesia {unknown}
Potions
 b - a potion of magic {unknown}
 d - 2 potions of might
 k - a potion of curing {unknown}
 m - a potion of agility
 o - a potion of mutation {unknown}
 s - a potion of flight {unknown}
 z - a potion of berserk rage {unknown}
Comestibles
 e - 9 rations {!d}
 l - 6 chunks of flesh


   Skills:
 * Level 9.2 Fighting
 - Level 2.6 Axes
 - Level 3.2 Armour
 - Level 3.2 Shields


You had 6 spell levels left.
You didn't know any spells.
Your spell library was empty.

Dungeon Overview and Level Annotations

Branches:
Dungeon (6/15)
 Temple: D:4-7

Altars:
Ru
Xom


Message History

No target in view!
No target in view!
No target in view!
You butcher the quokka corpse.
l - 6 chunks of flesh (gained 1)
You see here a quokka skeleton. x2
A worker ant comes into view.
The ogre hits you with a +0 giant spiked club!!
You slash the ogre!
The ogre hits you with a +0 giant spiked club!!
* * * LOW HITPOINT WARNING * * *
You block the ogre's attack.
You hit the worker ant. You barely miss the ogre. The worker ant bites you.
* * * LOW HITPOINT WARNING * * *
You block the ogre's attack. You block the worker ant's attack.
You hit the worker ant. You barely miss the ogre.
The worker ant barely misses you.
The ogre hits you with a +0 giant spiked club!
* * * LOW HITPOINT WARNING * * *
The worker ant bites you.
* * * LOW HITPOINT WARNING * * *
You are poisoned.
The worker ant poisons you!
You hit the worker ant but do no damage.
Your shield prevents you from hitting the ogre.
You feel sick. The worker ant barely misses you. The ogre closely misses you.
Your shield and ring mail prevent you from hitting the worker ant.
You hit the ogre.
You feel sick. The worker ant completely misses you.
The ogre hits you with a +0 giant spiked club.
* * * LOW HITPOINT WARNING * * *
The worker ant bites you but does no damage.
You feel sick. The worker ant barely misses you.
You feel sick.
There is a stone staircase leading down here.
You can't go up here!
The worker ant bites you.
* * * LOW HITPOINT WARNING * * *
You climb downwards.
* * * LOW HITPOINT WARNING * * *
You feel sick.
There is a stone staircase leading up, spattered with blood here.
It was a potion of agility.
You feel agile all of a sudden. The worker ant completely misses you.
It was a potion of cancellation.
Your magical effects are unravelling.
You feel magically purged.
You feel a little less agile now.
You die...

.#..## #.# #...
##...# #.# #...#
###..## #.###..#
.###..###.....#
.# #..........#
.####........##
###
..##..####...###
#.# ..#..##
#.....###.#
.....#
#..#...@..##
......#
#..######a..#
...........#
#####
###.###.....
#.#...##..
#.###.##.. ... #
.... .#


You could see a worker ant.

Vanquished Creatures
  A phantom (D:6)
  A centaur zombie (D:6)
  A hound (D:5)
  An orc wizard (D:2)
  Jessica (D:2)
  A bullfrog skeleton (D:5)
  Natasha (twice) (D:2)
  2 worker ants
  3 adders
  An adder zombie (D:5)
  2 oozes (D:1)
  A worm (D:3)
  4 dart slugs
  2 leopard geckos
  5 orcs (D:3)
  6 bats
  6 giant cockroaches
  9 goblins
  4 hobgoblins
  A quokka (D:5)
  3 frilled lizards
  10 kobolds
  A leopard gecko zombie (D:5)
  10 rats
78 creatures vanquished.

Notes
Turn   | Place    | Note
-------+----------+-------------------------------------------
     0 | D:1      | Notrik the Hill Orc Fighter began the quest for the Orb.
     0 | D:1      | Reached XP level 1. HP: 19/19 MP: 1/1
    34 | D:1      | Reached skill level 4 in Fighting
   104 | D:1      | Reached XP level 2. HP: 27/27 MP: 2/2
   408 | D:1      | Reached XP level 3. HP: 35/35 MP: 3/3
   445 | D:1      | Reached skill level 5 in Fighting
  1083 | D:2      | Found a shimmering altar of Xom.
  1265 | D:2      | Noticed Jessica
  1267 | D:2      | Killed Jessica
  1267 | D:2      | Reached XP level 4. HP: 44/44 MP: 4/4
  1425 | D:2      | Noticed Natasha
  1429 | D:2      | Reached skill level 6 in Fighting
  1436 | D:2      | Killed Natasha
  1443 | D:2      | Noticed Natasha
  1468 | D:2      | Killed Natasha
  1468 | D:2      | Reached XP level 5. HP: 4/51 MP: 5/5
  1778 | D:2      | Reached skill level 7 in Fighting
  1785 | D:2      | Found a sacrificial altar of Ru.
  2216 | D:2      | Became a worshipper of Ru the Awakened
  2722 | D:3      | Found a faded altar of an unknown god.
  3105 | D:4      | You fall into a shaft and drop 2 floors!
  3157 | D:5      | Entered Level 5 of the Dungeon
  3159 | D:5      | Noticed a phantom
  3164 | D:5      | Reached skill level 8 in Fighting
  3164 | D:5      | Reached XP level 6. HP: 42/61 MP: 6/6
  3236 | D:6      | Killed a phantom
  3491 | D:5      | Reached skill level 9 in Fighting
  3496 | D:5      | Reached XP level 7. HP: 68/70 MP: 7/7
  3607 | D:5      | HP: 3/70 [poisoned by a worker ant]
  3609 | D:6      | HP: 1/70 [poisoned by a worker ant]
  3611 | D:6      | Succumbed to a worker ant's poison

Levels and vault maps discovered:
D:1:      erik_arrival_blinker_ship, layout_basic,
          chequers_serial_rivers_micro_e, minmay_misc_feat_ornament,
          grunt_decor_arrowhead, hangedman_abyss_or_decor_stabs, st_stairs_13,
          minmay_tall_x
D:2:      layout_loops_ring, xom_teletrap_fun,
          nicolae_ru_great_annihilating_truth, uniq_jessica, uniq_natasha
D:3:      layout_loops_cross, chequers_ecumenical_altar_simple
D:4:      layout_gridville, nicolae_overflow_hidden_temple, serial_rivers,
          chequers_serial_rivers_micro_a, chequers_serial_rivers_large_b,
          chequers_serial_rivers_small_3, chequers_serial_rivers_micro_e,
          chequers_serial_rivers_large_a, first_ration
D:5:      layout_basic, lemuel_crystal_altar, chequers_garden,
          lemuel_old_faithful
D:6:      layout_layer_cave, minivault_10, minmay_misc_feat_roman,
          kennysheep_small_circle

Skill      XL: |  1  2  3  4  5  6 |
---------------+-------------------+-----
Fighting       | 4 5 6 8 9 |  9.2
Axes           | |  2.6
Armour         | |  3.2
Shields        | |  3.2

Action                   |  1- 3 |  4- 6 |  7- 9 || total
-------------------------+-------+-------+-------++-------
Melee: War axe           |    95 |   157 |    13 ||   265
  Use: Scroll            |       |     6 |       ||     6
       Potion            |       |       |     2 ||     2
 Stab: Paralysed         |       |     1 |       ||     1
  Eat: Chunk             |     1 |     3 |       ||     4
       Ration            |       |     2 |       ||     2
Armor: Scale mail        |    38 |       |       ||    38
       Plate armour      |     4 |    40 |       ||    44
       Ring mail         |       |    40 |     5 ||    45
Dodge: Dodged            |    30 |    51 |     9 ||    90
Block: Shield            |    62 |    84 |     7 ||   153

Table legend:
 A = Non-vault XP
 B = Vault XP
 C = Vault XP percentage of total XP
 D = Non-vault monster count
 E = Vault monster count
 F = Vault count percentage of total count
                 A         B        C        D         E       F
            +---------+---------+-------+---------+---------+-------
      Total |     505 |     123 |  19.6 |      67 |      11 |  14.1
            +---------+---------+-------+---------+---------+-------
        D:1 |      44 |       8 |  15.4 |      21 |       5 |  19.2
        D:2 |      66 |     115 |  63.5 |      12 |       6 |  33.3
        D:3 |      74 |       0 |   0.0 |      23 |       0 |   0.0
        D:4 |       4 |       0 |   0.0 |       1 |       0 |   0.0
        D:5 |     124 |       0 |   0.0 |       7 |       0 |   0.0
        D:6 |     193 |       0 |   0.0 |       3 |       0 |   0.0
            +---------+---------+-------+---------+---------+-------
